 Dungeon Crawl Stone Soup version 0.22-a0-618-gd6a3efe (webtiles) character file.

3663 Gildeon the Conjurer (level 10, -2/61 HPs)
             Began as a Gargoyle Earth Elementalist on July 13, 2018.
             Was a Believer of Sif Muna.
             Slain by a yak (8 damage)
             ... on level 8 of the Dungeon.
             The game lasted 01:04:34 (7853 turns).

Gildeon the Conjurer (Gargoyle Earth Elementalist)  Turns: 7853, Time: 01:04:35

Health: -2/61      AC: 12    Str: 11    XL:     10   Next: 12%
Magic:  1/17       EV: 17    Int: 18    God:    Sif Muna [**....]
Gold:   84         SH:  0    Dex: 15    Spells: 1/19 levels left

rFire    + . .     SeeInvis .   a - +1 morningstar
rCold    + . .     Gourm    .   (no shield)
rNeg     + . .     Faith    .   z - +1 robe
rPois    ∞         Spirit   .   (no helmet)
rElec    +         Reflect  .   (no cloak)
rCorr    .         Harm     .   n - +0 pair of gloves
MR       .....                  f - +0 pair of boots
Stlth    ++++......             (no amulet)
HPRegen  0.20/turn              w - ring of protection from fire
MPRegen  0.15/turn              j - ring of wizardry

@: agile, about to teleport
A: big wings, cold resistance 1, negative energy resistance 1, robust 1,
electricity resistance, weak 1, unbreathing, petrification resistance, rot
immunity, AC +7
a: Fly, Divine Energy, Renounce Religion


You were on level 8 of the Dungeon.
You worshipped Sif Muna.
Sif Muna was pleased with you.
You were not hungry.

You visited 2 branches of the dungeon, and saw 9 of its levels.

You collected 384 gold pieces.
You spent 300 gold pieces at shops.

Inventory:

Hand Weapons
 a - a +1 morningstar (weapon)
 b - a +2 dagger of venom
 c - a +1 flail of holy wrath
Missiles
 t - 8 stones (quivered)
Armour
 f - a +0 pair of boots (worn)
 n - a +0 pair of gloves (worn)
 z - a +1 robe (worn)
Magical Staves
 A - an uncursed staff of energy
Jewellery
 j - a ring of wizardry (right hand)
 r - an uncursed ring of resist corrosion
 u - an uncursed ring of protection from fire
 w - a ring of protection from fire (left hand)
Wands
 e - a wand of random effects (21)
 i - a wand of scattershot (5)
 k - a wand of iceblast (8)
Scrolls
 s - 2 scrolls of fog
 v - 2 scrolls of remove curse
 y - 3 scrolls of teleportation
Potions
 g - a potion of agility
 h - 2 potions of brilliance
 o - 2 potions of curing
 x - a potion of lignification
 C - a potion of cancellation
Comestibles
 d - 8 rations
 q - a chunk of flesh


   Skills:
 - Level 4.0 Fighting
 + Level 2.9 Short Blades
 - Level 2.8(3.1) Maces & Flails
 - Level 2.0(2.7) Staves
 - Level 3.0 Armour
 - Level 2.0 Dodging
 - Level 5.0 Stealth
 - Level 5.0 Spellcasting
 - Level 5.3 Conjurations
 - Level 5.0 Transmutations
 + Level 4.2 Fire Magic
 - Level 5.0 Earth Magic
 - Level 3.0 Invocations
 - Level 2.0 Evocations


You had one spell level left.
You knew the following spells:

 Your Spells              Type           Power        Failure   Level  Hunger
a - Sandblast             Erth           ###...       1%          1    None
b - Passwall              Tmut/Erth      ###.....     1%          2    #......
c - Stone Arrow           Conj/Erth      ###...       1%          3    ##.....
d - Petrify               Tmut/Erth      ###.....     7%          4    ####...
e - Lee's Rapid Deconstr  Erth           ###.......   19%         5    ######.
f - Conjure Flame         Conj/Fire      ###.....     2%          3    ##.....

Your spell library contained the following spells:

 Spells                   Type           Power        Failure   Level  Hunger
 Magic Dart               Conj           ###.         1%          1    None
 Slow                     Hex            #.......     9%          2    #......
 Mephitic Cloud           Conj/Pois/Air  ##......     8%          3    ##.....
 Blink                    Tloc           N/A          9%          2    #......
 Call Imp                 Summ           #.......     9%          2    #......


Dungeon Overview and Level Annotations

Branches:
Dungeon (8/15)             Temple (1/1) D:4
   Lair: D:8-11

Altars:
Ashenzari
Cheibriados
Dithmenos
Elyvilon
Fedhas
Gozag
Hepliaklqana
Kikubaaqudgha
Makhleb
Nemelex Xobeh
Okawaru
Qazlal
Ru
Sif Muna
Trog
Uskayaw
Vehumet
Wu Jian
Xom
Yredelemnul
Zin
The Shining One

Shops:
D:5 [   D:7 :


Innate Abilities, Weirdness & Mutations

You are resistant to torment.
Your stone body is resilient. (AC +7)
You are immune to poison.
You resist negative energy. (rN+)
You are resistant to electric shocks. (rElec)
You can survive without breathing.
You are immune to petrification.
You are immune to rotting.
Your large and strong wings let you fly indefinitely.
Your flesh is cold resistant. (rC+)
You are robust. (+10% HP)
You are weak. (Str -2)


Message History

The yak is moderately wounded.
You feel yourself slow down.
The centaur skeleton hits you but does no damage.
The yak gores you but does no damage.
Okay, then.
You barely miss the yak.
The yak is moderately wounded.
The centaur skeleton closely misses you.
The yak gores you!
* * * LOW HITPOINT WARNING * * *
The centaur skeleton barely misses you.
There are monsters nearby!
As you read the scroll of teleportation, it crumbles to dust.
You feel strangely unstable. The yak gores you.
* * * LOW HITPOINT WARNING * * *
The centaur skeleton closely misses you.
You feel better. The centaur skeleton hits you.
* * * LOW HITPOINT WARNING * * *
The yak gores you!
You die...

. #...# P. #...#
... #...# ....
#####...# .....
...#=..#
.P.P..######.#)..##
.PP.P.!...Y..)).t.#
P..♣...#####(#†#Z##
.P....# #(#.#@##
.♣..## #(#.Y..# ♣.P
#.###### ..
#.###### . #......#
. #####.## . #.# .
#.# # #.#


You could see a yak, a crocodile and a centaur skeleton.

Vanquished Creatures
  Joseph (D:8)
  Grinder (D:6)
  A basilisk (D:8)
  3 yaks (D:8)
  Edmund (D:6)
  A water moccasin (D:6)
  Duvessa (D:7)
  A black bear (D:8)
  A sky beast (D:7)
  2 centaurs (D:8)
  An ogre (D:5)
  A big kobold (D:8)
  3 bullfrogs
  Dowan (D:7)
  2 scorpions
  6 killer bees (D:7)
  A howler monkey (D:4)
  4 wights (D:7)
  3 crimson imps
  2 jellies
  2 centaur skeletons
  An orc priest (D:7)
  3 hounds
  4 orc wizards
  3 iguanas
  9 worker ants
  7 adders
  A shadow imp (D:7)
  2 oozes
  An adder skeleton (D:4)
  4 worms
  2 dart slugs (D:1)
  3 leopard geckos
  22 orcs
  3 ball pythons
  6 giant cockroaches
  9 goblins
  10 hobgoblins
  2 jackals (D:7)
  6 quokkas
  A bat (D:2)
  6 frilled lizards
  14 kobolds
  A leopard gecko skeleton (D:4)
  A quokka skeleton (D:5)
  11 rats
171 creatures vanquished.

Vanquished Creatures (others)
  A fungus (D:8)
  3 plants (D:8)
4 creatures vanquished.

Grand Total: 175 creatures vanquished

Notes
Turn   | Place    | Note
-------+----------+-------------------------------------------
     0 | D:1      | Gildeon the Gargoyle Earth Elementalist began the quest for the Orb.
     0 | D:1      | Reached XP level 1. HP: 10/10 MP: 3/3
   376 | D:1      | Reached XP level 2. HP: 9/15 MP: 0/5
   494 | D:1      | Learned a level 2 spell: Passwall
   716 | D:1      | Reached XP level 3. HP: 18/19 MP: 2/6
   721 | D:1      | Learned a level 3 spell: Stone Arrow
  1667 | D:2      | Reached XP level 4. HP: 23/24 MP: 4/8
  1811 | D:3      | Reached XP level 5. HP: 17/28 MP: 1/9
  1883 | D:3      | Learned a level 4 spell: Petrify
  2029 | D:3      | Gained mutation: Your flesh is cold resistant. (rC+) [potion of mutation]
  2029 | D:3      | Gained mutation: You are robust. (+10% HP) [potion of mutation]
  2029 | D:3      | Gained mutation: You are weak. (Str -2) [potion of mutation]
  2029 | D:3      | Gained mutation: Your large and strong wings let you fly indefinitely. [potion of mutation]
  2067 | D:3      | Found a snail-covered altar of Cheibriados.
  2168 | D:3      | Reached skill level 5 in Earth Magic
  2181 | D:3      | Found a sacrificial altar of Ru.
  2284 | D:3      | Reached skill level 1 in Conjurations
  2938 | D:4      | Reached XP level 6. HP: 34/36 MP: 6/11
  2978 | D:4      | Reached skill level 1 in Fighting
  2978 | D:4      | Reached skill level 1 in Armour
  3062 | D:4      | Reached skill level 1 in Transmutations
  3250 | D:4      | Reached skill level 5 in Stealth
  3608 | D:4      | Reached XP level 7. HP: 40/41 MP: 9/13
  3717 | D:4      | Found a staircase to the Ecumenical Temple.
  3722 | Temple   | Entered the Ecumenical Temple
  3731 | Temple   | Became a worshipper of Sif Muna the Loreminder
  3916 | D:5      | Entered Level 5 of the Dungeon
  4233 | D:5      | Reached skill level 1 in Evocations
  4368 | D:5      | Reached skill level 1 in Short Blades
  4368 | D:5      | Reached skill level 1 in Maces & Flails
  4532 | D:5      | Found Dedain's Armour Shop.
  4600 | D:5      | Reached skill level 1 in Invocations
  4690 | D:5      | Got a shimmering hand axe
  4691 | D:5      | Identified the +2 hand axe of the Toadstool {freeze, rN+ Int+3} (You found it on level 5 of the Dungeon)
  4867 | D:6      | Reached XP level 8. HP: 48/48 MP: 9/15
  4873 | D:6      | Noticed Edmund
  4879 | D:6      | Noticed Grinder
  4881 | D:6      | Killed Edmund
  4881 | D:6      | Reached * piety under Sif Muna
  4881 | D:6      | Reached skill level 5 in Spellcasting
  4890 | D:6      | Paralysed by Grinder for 5 turns
  4899 | D:6      | Killed Grinder
  5693 | D:7      | Learned a level 5 spell: Lee's Rapid Deconstruction
  5834 | D:7      | Found Idopn's Book Boutique.
  5859 | D:7      | Noticed Duvessa
  5892 | D:7      | Killed Duvessa
  5992 | D:7      | Noticed Dowan
  6004 | D:7      | Killed Dowan
  6004 | D:7      | Reached XP level 9. HP: 11/53 MP: 8/16
  6260 | D:7      | Bought a book of Minor Magic for 300 gold pieces
  6264 | D:7      | Learned a level 3 spell: Conjure Flame
  6598 | D:7      | Reached skill level 1 in Fire Magic
  6606 | D:7      | Reached ** piety under Sif Muna
  7325 | D:8      | Noticed Joseph
  7335 | D:8      | Killed Joseph
  7335 | D:8      | Reached skill level 5 in Conjurations
  7673 | D:8      | Reached skill level 5 in Transmutations
  7814 | D:8      | Reached skill level 1 in Staves
  7814 | D:8      | Reached XP level 10. HP: 37/61 MP: 1/17
  7852 | D:8      | HP: 3/61 [yak (3)]
  7853 | D:8      | Slain by a yak

Vault maps used:
D:1:      dpeg_cavernosity
D:2:      serial_forest, infiniplex_forest_lined_2,
          infiniplex_forest_clump_cross, infiniplex_forest_lined_4_way,
          infiniplex_forest_clump_tiny
D:3:      old_standard_altar, first_ration, nicolae_ru_great_annihilating_truth
D:4:      minmay_temple_entry_nine_rooms
D:5:      serial_shops, nicolae_shop_trees
D:6:      uniq_grinder, uniq_edmund
D:7:      serial_shops, shop, uniq_duvessa
D:8:      minmay_lair_entry_grove, serial_shops, shop, grunt_ogre_cave,
          uniq_joseph
Temple:   grunt_wide_crystal_templ

Skill      XL: |  1  2  3  4  5  6  7  8  9 10 |
---------------+-------------------------------+-----
Earth Magic    | 4 5 |  5.0
Stealth        | 3 4 5 |  5.0
Spellcasting   | 3 4 5 |  5.0
Conjurations   | 1 2 4 5 |  5.3
Fighting       | 1 2 4 |  4.0
Armour         | 1 2 3 |  3.0
Transmutations | 1 2 3 5 |  5.0
Evocations     | 1 2 |  2.0
Short Blades   | 1 2 |  2.9
Maces & Flails | 1 2 |  2.8
Invocations    | 1 2 3 |  3.0
Dodging        | 2 |  2.0
Fire Magic     | 3 4 |  4.2
Staves         | 1 2 |  2.0

Action                   |  1- 3 |  4- 6 |  7- 9 | 10-12 || total
-------------------------+-------+-------+-------+-------++-------
Melee: Mace              |    30 |       |       |       ||    30
       Unarmed           |     3 |       |       |       ||     3
       Dagger            |    33 |    96 |    50 |       ||   179
       Morningstar       |       |    10 |    48 |    23 ||    81
       Flail             |       |       |    19 |       ||    19
 Cast: Sandblast         |    43 |    93 |   187 |     6 ||   329
  Use: Scroll            |     2 |    10 |    14 |     1 ||    27
       Potion            |       |     1 |     2 |     5 ||     8
 Stab: Sleeping          |     5 |     7 |    10 |       ||    22
  Eat: Chunk             |     3 |     2 |     7 |       ||    12
       Ration            |       |     2 |     1 |       ||     3
Armor: Robe              |    25 |    47 |    91 |     5 ||   168
Dodge: Dodged            |    44 |    84 |   151 |    19 ||   298

Table legend:
 A = Spawn XP
 B = Non-spawn XP
 C = Spawn XP percentage of total XP
 D = Spawn monster count
 E = Non-spawn monster count
 F = Spawn count percentage of total count
 G = Total turns spent on level
                    A         B        C        D         E        F      G
               +---------+---------+-------+---------+---------+-------+---------
         Total |       0 |    5234 |   0.0 |       0 |     171 |   0.0 |  7853
               +---------+---------+-------+---------+---------+-------+---------
           D:1 |       0 |      45 |   0.0 |       0 |      25 |   0.0 |  1006
           D:2 |       0 |      43 |   0.0 |       0 |      18 |   0.0 |   668
           D:3 |       0 |     199 |   0.0 |       0 |      36 |   0.0 |  1192
           D:4 |       0 |     360 |   0.0 |       0 |      16 |   0.0 |  1009
           D:5 |       0 |     440 |   0.0 |       0 |      20 |   0.0 |   804
           D:6 |       0 |     771 |   0.0 |       0 |       8 |   0.0 |   910
           D:7 |       0 |    1368 |   0.0 |       0 |      30 |   0.0 |  1647
           D:8 |       0 |    2008 |   0.0 |       0 |      18 |   0.0 |   529
               +---------+---------+-------+---------+---------+-------+---------
